 Dungeon Crawl Stone Soup version 0.32-a0-18-g89e19f1974 (webtiles) character file.

Game seed: 10969720410649394343

5625 cforsyth the Fighter (level 10, -4/111 HPs)
             Began as an Oni Shapeshifter on Jan 16, 2024.
             Was a Follower of Qazlal.
             Slain by a death yak (20 damage)
             ... on level 10 of the Dungeon.
             The game lasted 00:13:05 (9598 turns).

cforsyth the Fighter (Oni Shapeshifter)             Turns: 9598, Time: 00:13:06

Health: -4/111     AC:  3    Str: 24    XL:     10   Next: 73%
Magic:  10/10      EV: 11    Int: 11    God:    Qazlal [*.....]
Gold:   556        SH:  2    Dex:  8    Spells: 9/9 levels left

rFire   + .          .
                       - Unarmed
rCold   . . .        (no shield)
rNeg    . . .        a - +0 animal skin
rPois   .            (helmet currently unavailable)
rElec   .            (cloak currently unavailable)
rCorr   .            (gloves unavailable)
SInv    .            (boots unavailable)
Will    +....        x - amulet of regeneration
Stlth   +            r - +4 ring of slaying
HPRegen 1.18/turn    y - ring of protection from fire
MPRegen 0.12/turn

%: no passive effects
@: about to teleport, beast-form
A: beast (slay +4), large, unfitting armour, horns 1, tough skin 1, double
potion healing, drunken brawling
a: Begin Untransformation, Renounce Religion


You were on level 10 of the Dungeon.
You worshipped Qazlal.
Qazlal was aware of your devotion.
You were a hulking beast.
You visited 2 branches of the dungeon, and saw 11 of its levels.
You also visited: Sewer.

You collected 556 gold pieces.

Inventory:

Missiles
 p - 2 throwing nets (quivered)
Armour
 a - a +0 animal skin (worn)
 v - the +1 robe of the Valley {*Corrode Fly Dex+2}
   (You found it on level 3 of the Dungeon)

   Dex+2:     It affects your dexterity (+2).
   Fly:       It grants you flight.
   *Corrode:  It may corrode you when you take damage.
Jewellery
 j - an amulet of faith
 r - a +4 ring of slaying (left hand)
 x - an amulet of regeneration (around neck)
 y - a ring of protection from fire (right hand)
 D - the ring of Oblirr {*Slow rPois rF++ Will+ Str+2}
   (You found it on level 4 of the Dungeon)

   [ring of poison resistance]

   Str+2:     It affects your strength (+2).
   rF++:      It greatly protects you from fire.
   rPois:     It protects you from poison Will+: It increases your willpower.
   *Slow:     It may slow you when you take damage.
 E - a ring of magical power
 H - a +6 ring of dexterity
 K - a ring of willpower
 O - an amulet of magic regeneration
 P - a +6 ring of strength
 Q - a ring of wizardry
 R - a ring of flight
Talismans
 c - a beast talisman
 N - a flux talisman
Wands
 d - a wand of roots (8)
 o - a wand of flame (2)
 F - a wand of mindburst (14)
 S - a wand of paralysis (4)
Scrolls
 g - 2 scrolls of immolation
 i - 2 scrolls of poison
 l - 7 scrolls of teleportation
 m - 2 scrolls of fog
 n - 4 scrolls of blinking
 q - a scroll of fear {unknown}
 s - 2 scrolls of butterflies {unknown}
 w - a scroll of noise
 A - a scroll of vulnerability {unknown}
 B - 3 scrolls of enchant armour {unknown}
 I - a scroll of enchant weapon {unknown}
 J - 4 scrolls of identify
 M - a scroll of revelation
 T - a scroll of silence {unknown}
Potions
 b - a potion of invisibility
 e - 2 potions of curing
 f - 2 potions of degeneration {unknown}
 h - a potion of mutation {unknown}
 k - 2 potions of enlightenment {unknown}
 t - 3 potions of cancellation {unknown}
 u - 2 potions of haste
 z - 4 potions of berserk rage {unknown}
 C - 2 potions of attraction {unknown}
 G - 2 potions of ambrosia {unknown}
 L - a potion of might {unknown}


   Skills:
 + Level 10.3 Fighting
 + Level 7.4 Dodging
 + Level 7.7 Unarmed Combat
 + Level 7.8 Shapeshifting


You had 9 spell levels left.
You didn't know any spells.
Your spell library contained the following spells:

 Spells                   Type           Power      Damage    Failure   Level
 Dazzling Flash           Conj/Hex       0%         N/A       71%         3
 Mephitic Cloud           Conj/Alch/Air  0%         N/A       71%         3
 Summon Ice Beast         Ice/Summ       0%         N/A       71%         3
 Brom's Barrelling Bould  Conj/Erth      0%         2d3       98%         4
 Curse of Agony           Necr           0%         N/A       100%        5
 Fireball                 Conj/Fire      0%         3d3       100%        5
 Iskenderun's Battlesphe  Conj           0%         2d6       100%        5
 Silence                  Hex/Air        0%         N/A       100%        5
 Summon Mana Viper        Hex/Summ       0%         N/A       100%        5
 Conjure Ball Lightning   Conj/Air       0%         3x3d6     100%        6
 Monstrous Menagerie      Summ           0%         N/A       100%        7
 Orb of Destruction       Conj           0%         9d5       100%        7


Dungeon Overview and Level Annotations

Branches:
Dungeon (10/15)            Temple (1/1) D:6            Lair (0/5) D:10
  Sewer (visited)
    Orc: D:9-12

Altars:
Ashenzari
Cheibriados
Dithmenos
Elyvilon
Fedhas
Gozag
Hepliaklqana
Kikubaaqudgha
Makhleb
Nemelex Xobeh
Okawaru
Qazlal
Ru
Sif Muna
Trog
Uskayaw
Vehumet
Wu Jian
Xom
Yredelemnul
Zin
The Shining One


Innate Abilities, Weirdness & Mutations

You are a hulking beast.
Your limbs bulge with bestial killing power. (Slay +4)
You are too large for most types of armour.
You have a pair of small horns on your head.
You have tough skin. (AC +1)
You gain doubled healing and magic from potions.
Whenever you drink a healing potion, you attack all around you.


Message History

The centaur kicks you.
You hit the centaur.
The centaur is severely wounded.
A death yak comes into view.
The centaur hits you but does no damage.
The centaur barely misses you.
The death yak bellows!
You punch the centaur!
You kill the centaur!
Qazlal accepts your kill.
You hear a bellow!
A death yak comes into view.
A death yak and a howler monkey come into view.
Found a quarterstaff.
Found a staircase to the Lair.
The death yak bellows!
The howler monkey howls!
A death yak comes into view.
A howler monkey comes into view.
You barely miss the death yak.
The death yak bellows!
The death yak gores you.
You barely miss the death yak. The death yak gores you.
You punch the death yak!
The death yak is lightly wounded.
A howler monkey comes into view.
You block the death yak's attack.
The howler monkey howls!
You hit the death yak.
The death yak is lightly wounded.
The death yak closely misses you.
The howler monkey hoots and howls with incredible vigour!
You hear a howl!
You hear a shout!
You hear an angry buzzing noise. x2
You punch the death yak!
The death yak is moderately wounded.
The howler monkey hoots and howls with incredible vigour!
The death yak gores you!! x2
You hear an angry buzzing noise.
As you read the scroll of teleportation, it crumbles to dust.
You feel strangely unstable. The death yak gores you. The death yak gores you!!
* * * LOW HITPOINT WARNING * * *
The death yak gores you!!
You die...

......................
.......................
.......................
.......<...............
).............#........
.......................
......................#
......!)..............#
.....YYh..............#
......YYh......#...#.##
...#...Y..........###
..#.................#
............<#.......
..h....._....#.........
...h...................
>............#...#....#
....... #.##..##


You could see 5 death yaks and 3 howler monkeys.

Vanquished Creatures
  Maurice (D:8)
  A troll (D:9)
  A hornet (D:8)
  A vampire (D:7)
  A wraith (D:9)
  A wyvern (D:7)
  A steam dragon (D:9)
  Edmund (D:3)
  An acid dragon (D:8)
  A water moccasin (D:8)
  An ice beast (D:6)
  2 black bears
  2 orc warriors
  A sky beast (D:7)
  3 ogres
  4 centaurs
  5 kobold brigands
  2 brain worms (Sewer)
  5 bullfrogs
  A gnoll sergeant (D:7)
  5 scorpions
  A wight (D:9)
  5 killer bees (D:9)
  3 orc priests
  4 bombardier beetles
  4 hounds
  6 jellies
  4 iguanas
  2 sleepcaps
  Natasha (thrice) (D:2)
  6 orc wizards
  Robin (D:1)
  19 gnolls
  7 adders
  3 river rats (Sewer)
  A shadow imp (D:5)
  2 white imps
  10 ufetubi
  3 dart slugs
  19 orcs
  9 ball pythons
  8 endoplasms
  3 giant cockroaches
  20 goblins
  10 hobgoblins
  4 jackals (D:2)
  12 kobolds
  4 quokkas
  9 bats
  6 frilled lizards
  9 rats
238 creatures vanquished.

Notes
Turn   | Place    | Note
-------+----------+-------------------------------------------
     0 | D:1      | cforsyth the Oni Shapeshifter began the quest for the Orb.
     0 | D:1      | Reached XP level 1. HP: 19/19 MP: 1/1
    94 | D:1      | Reached XP level 2. HP: 24/28 MP: 2/2
   139 | D:1      | Found a faded altar of an unknown god.
   143 | D:1      | Reached skill level 2 in Fighting
   291 | D:1      | Reached XP level 3. HP: 35/35 MP: 3/3
   719 | D:1      | You fall into a shaft and drop 1 floor!
  1013 | D:2      | Noticed Robin
  1301 | D:1      | Killed Robin
  1302 | D:1      | Reached XP level 4. HP: 35/44 MP: 4/4
  1370 | D:2      | Noticed Natasha
  1377 | D:2      | Killed Natasha
  1378 | D:2      | Reached skill level 3 in Fighting
  1748 | D:2      | Reached XP level 5. HP: 48/53 MP: 5/5
  1871 | D:2      | Noticed Natasha
  2218 | D:2      | Killed Natasha
  2341 | D:2      | Noticed Natasha
  2348 | D:2      | Killed Natasha
  2349 | D:2      | Reached XP level 6. HP: 33/62 MP: 6/6
  2750 | D:3      | Reached skill level 4 in Fighting
  2847 | D:3      | Found a glowing drain.
  2859 | Sewer    | Entered a sewer
  3114 | Sewer    | Reached XP level 7. HP: 67/71 MP: 7/7
  3632 | D:3      | Identified the +1 robe of the Valley {*Corrode Fly Dex+2}
  4183 | D:4      | Reached skill level 5 in Fighting
  4280 | D:4      | Noticed Edmund
  4294 | D:3      | Killed Edmund
  4366 | D:4      | Reached XP level 8. HP: 26/83 MP: 8/8
  4475 | D:4      | Reached skill level 5 in Shapeshifting
  4553 | D:4      | Identified the ring of Oblirr {*Slow rPois rF++ Will+
                  | Str+2}
  4769 | D:5      | Entered Level 5 of the Dungeon
  4898 | D:4      | Found a burning altar of Makhleb.
  4900 | D:4      | Found a white marble altar of Elyvilon.
  5142 | D:4      | Found a burning altar of Makhleb.
  5478 | D:5      | Reached skill level 6 in Fighting
  5489 | D:4      | Found a white marble altar of Elyvilon.
  5516 | D:5      | Reached skill level 5 in Unarmed Combat
  6165 | D:6      | Reached skill level 5 in Dodging
  6255 | D:6      | Reached skill level 7 in Fighting
  6314 | D:6      | Reached XP level 9. HP: 81/93 MP: 9/9
  6570 | D:6      | Found a staircase to the Ecumenical Temple.
  6862 | Temple   | Entered the Ecumenical Temple
  6866 | Temple   | Became a worshipper of Qazlal Stormbringer
  6972 | D:6      | Found a shimmering altar of Xom.
  6973 | D:6      | Found a bloodstained altar of Trog.
  7257 | D:7      | Reached skill level 8 in Fighting
  8032 | D:8      | Reached skill level 9 in Fighting
  8048 | D:8      | Identified the +5 long sword "Jellyslayer" {heavy, *Corrode
                  | Int+7}
  8052 | D:8      | Reached XP level 10. HP: 107/107 MP: 10/10
  8071 | D:8      | Noticed Maurice
  8087 | D:8      | Maurice stole an amulet of magic regeneration
  8088 | D:8      | Maurice stole a flux talisman
  8098 | D:8      | Something stole 2 throwing nets
  8105 | D:8      | Killed Maurice
  8337 | D:8      | Reached * piety under Qazlal
  8875 | D:9      | Reached skill level 10 in Fighting
  9066 | D:9      | Identified the +1 whip "Widowermaker" {protect, rC- Will+
                  | SInv}
  9575 | D:10     | Entered Level 10 of the Dungeon
  9575 | D:10     | Found a shadowy altar of Dithmenos.
  9587 | D:10     | Noticed a death yak
  9590 | D:10     | Noticed a death yak
  9591 | D:10     | Noticed a death yak
  9592 | D:10     | Found a staircase to the Lair.
  9592 | D:10     | Noticed a death yak
  9592 | D:10     | Noticed a death yak
  9598 | D:10     | Slain by a death yak

Illustrated notes

Levels and vault maps discovered:
D:1:      scummos_arrival_simple_crosswalls, layout_basic,
          hellmonk_ecumenical_altar_blasted, hangedman_decor_opposing
D:2:      layout_basic, serial_corexii_hall, corexii_hall_statues_s,
          chequers_hall_statues_corner_a, uniq_robin, uniq_natasha
D:3:      layout_loops_corners, portal_sewer_entry_d
D:4:      layout_basic, nicolae_overflow_hidden_temple, serial_corexii_hall,
          chequers_hall_statues_y, corexii_hall_statues_l,
          minmay_fractal_squares_diagonal_5, uniq_edmund
D:5:      layout_rooms
D:6:      layout_cave_pods, mainiacjoe_overflow_divided_tiny, temple_green,
          minivault_1, minmay_increasing_density
D:7:      minmay_angry_zag, layout_loops_ring
D:8:      layout_rooms, kennysheep_crisscross, uniq_maurice
D:9:      layout_irregular_city, st_stairs_14
D:10:     layout_cross, overflow_temple_1_default, dpeg_lair_monsters
Temple:   sentei_temple_godly_chess

Skill      XL: |  1  2  3  4  5  6  7  8  9 10 |
---------------+-------------------------------+-----
Dodging        | 2 3 4 5 6 7 |  7.4
Fighting       | 2 3 4 5 7 9 10 | 10.3
Unarmed Combat | 3 4 5 6 7 |  7.7
Shapeshifting  | 4 5 7 |  7.8

Action                     |  1- 3 |  4- 6 |  7- 9 | 10-12 || total
---------------------------+-------+-------+-------+-------++-------
  Melee: Unarmed           |    80 |   125 |   269 |   119 ||   593
         Headbutt          |    13 |    28 |    65 |    15 ||   121
         Punch             |     2 |     3 |    10 |     4 ||    19
  Evoke: Wand              |       |       |     2 |       ||     2
    Use: Potion            |       |     1 |       |     3 ||     4
         Scroll            |       |     2 |     8 |     1 ||    11
   Stab: Invisible         |       |       |       |     3 ||     3
 Armour: Animal skin       |    72 |    91 |   220 |   111 ||   494
         Skin              |       |     1 |       |    10 ||    11
  Dodge: Dodged            |    32 |    59 |   146 |    58 ||   295
  Block: Other             |       |       |       |     3 ||     3

Table legend: (Time is in decaauts)
 A = Elapsed time spent in this place.
 B = Non-inter-level travel time spent in this place.
 C = Inter-level travel time spent in this place.
 D = Time resting spent in this place.
 E = Time spent auto-exploring this place.
 F = Levels seen in this place.
 G = Mean time per level.
                   A        B        C        D        E       F      G
               +--------+--------+--------+--------+--------+-----+--------+
         Total |   9560 |   9208 |    352 |   1026 |   6528 |  12 |  796.7 |
       Dungeon |   9114 |   8766 |    348 |   1026 |   6189 |  10 |  911.4 |
        Temple |      8 |      4 |      4 |      0 |      0 |   1 |    8.0 |
         Sewer |    436 |    436 |      0 |      0 |    339 |   1 |  436.0 |
               +--------+--------+--------+--------+--------+-----+--------+

Top non-repeatable levels by time:
     D:1: 1879 daAuts
     D:4: 1159 daAuts
     D:6: 1115 daAuts
     D:3: 1090 daAuts
     D:9: 935 daAuts
     D:7: 833 daAuts
     D:2: 814 daAuts
     D:5: 657 daAuts
     D:8: 609 daAuts
   Sewer: 436 daAuts
    D:10: 21 daAuts
  Temple: 8 daAuts
